 Dungeon Crawl Stone Soup version 0.30.1-4-g462c640d31 (webtiles) character file.

Game seed: 378247052227779455

116 rddays123 the Trooper (level 4, -11/41 HPs)
             Began as a Minotaur Fighter on Sept 12, 2023.
             Killed by divine providence
             ... invoked by an orc priest
              (13 damage)
             ... on level 3 of the Dungeon.
             The game lasted 00:01:59 (1934 turns).

rddays123 the Trooper (Minotaur Fighter)            Turns: 1934, Time: 00:01:59

Health: -11/41     AC:  8    Str: 22    XL:     4   Next: 69%
Magic:  3/3        EV:  9    Int:  5    God:
Gold:   160        SH:  4    Dex: 10    Spells: 3/3 levels left

rFire   . . .        a - +0 war axe
rCold   . . .        c - +0 buckler
rNeg    . . .        b - +0 scale mail
rPois   .            (helmet restricted)
rElec   .            (no cloak)
rCorr   .            (no gloves)
SInv    .            i - +0 pair of boots
Will    .....        (no amulet) Stlth
                     (no ring)
HPRegen 0.26/turn    (no ring)
MPRegen 0.08/turn

%: no passive effects
@: no status effects
A: horns 2, retaliatory headbutt
a: no special abilities


You were on level 3 of the Dungeon.
You visited 1 branch of the dungeon, and saw 3 of its levels.

You collected 160 gold pieces.

Inventory:

Hand Weapons
 a - a +0 war axe (weapon)
Armour
 b - a +0 scale mail (worn)
 c - a +0 buckler (worn)
 i - a +0 pair of boots (worn)
Scrolls
 h - 2 scrolls of vulnerability {unknown}
 j - a scroll of teleportation {unknown}
 m - a scroll of fear {unknown}
 n - a scroll of blinking {unknown}
Potions
 d - a potion of might
 e - 2 potions of heal wounds {unknown}
 f - a potion of cancellation {unknown}
 g - a potion of degeneration {unknown}
 k - a potion of mutation {unknown}
 l - a potion of lignification {unknown}
 o - a potion of curing {unknown}


   Skills:
 + Level 4.6 Fighting
 + Level 3.6 Axes
 + Level 4.5 Armour
 + Level 4.5 Shields


You had 3 spell levels left.
You didn't know any spells.
Your spell library was empty.

Dungeon Overview and Level Annotations

Branches:
Dungeon (3/15)

Altars:


Innate Abilities, Weirdness & Mutations

You have a pair of horns on your head.
You reflexively headbutt those who attack you in melee.


Message History

An orc priest comes into view. It is wielding a +0 short sword.
An orc priest comes into view. It is wielding a +0 short sword.
The orc priest shouts!
An orc warrior comes into view. It is wielding a +0 glaive.
An orc priest and an orc come into view.
The orc warrior shouts!
The orc priest shouts!
The orc shouts!
The orc priest barely misses you.
You hit the orc priest.
The orc priest is lightly wounded.
The orc priest hits you with a +0 short sword.
You hit the orc priest but do no damage.
The orc priest is lightly wounded.
The orc priest closely misses you.
You hit the orc priest.
The orc priest is lightly wounded.
The orc priest hits you with a +0 short sword.
The orc priest hits you but does no damage.
You barely miss the orc priest. Your headbutt misses the orc priest.
The orc priest is lightly wounded.
You closely miss the orc priest. You block the orc priest's attack.
The orc priest hits you with a +0 short sword.
You hit the orc priest but do no damage.
Your headbutt misses the orc priest.
The orc priest is lightly wounded.
You closely miss the orc priest. x2
The orc priest mumbles some strange prayers to Beogh against you.
Pain shoots through your body!
The orc priest calls upon Beogh to heal the orc priest.
The orc priest's wounds heal themselves!
The orc priest calls down the wrath of Beogh upon you.
Pain shoots through your body!
The orc priest attacks as you move away!
The orc priest hits you but does no damage.
The orc priest calls down the wrath of Beogh upon you.
Pain shoots through your body!
* * * LOW HITPOINT WARNING * * *
The orc priest looks braver for a moment.
The orc priest invokes the aid of Beogh against you.
Beogh smites you!
You die...

.....#######.
#...........#
#...........# .....
#...........# ........
#...........# .........
#..ooo......# #.........
#....oo.....###.........
#####..................#
#..@...............#
#......<...........#
#...................
#...................
#..................#
#...................
#........#########..
#............... #..
#######......).. #..


You could see an orc warrior, 3 orc priests and an orc.

Vanquished Creatures
  Robin (D:3)
  2 adders (D:3)
  4 dart slugs
  An orc (D:3)
  8 endoplasms
  5 giant cockroaches
  13 goblins
  7 hobgoblins
  2 jackals (D:1)
  6 quokkas
  7 ball pythons
  3 bats
  2 frilled lizards (D:2)
  6 kobolds
  7 rats
74 creatures vanquished.

Notes
Turn   | Place    | Note
-------+----------+-------------------------------------------
     0 | D:1      | rddays123 the Minotaur Fighter began the quest for the Orb.
     0 | D:1      | Reached XP level 1. HP: 19/19 MP: 0/0
   107 | D:1      | Reached XP level 2. HP: 25/27 MP: 1/1
   165 | D:1      | You fall into a shaft and drop 1 floor!
   355 | D:1      | Reached XP level 3. HP: 26/33 MP: 2/2
  1784 | D:3      | Reached XP level 4. HP: 37/41 MP: 3/3
  1784 | D:3      | Noticed Robin
  1803 | D:3      | Killed Robin
  1925 | D:3      | Noticed an orc warrior
  1932 | D:3      | HP: 1/41 [orc priest/nerve-wracking pain (12)]
  1934 | D:3      | Killed from afar by an orc priest

Illustrated notes

Levels and vault maps discovered:
D:1:      dpeg_arrival_refuge, layout_loops_ring
D:2:      layout_basic
D:3:      layout_basic, minmay_vboxes, uniq_robin, uniq_jessica

Skill      XL: |  1  2 |
---------------+-------+-----
Fighting       | 4 |  4.6
Armour         | 4 |  4.5
Shields        | 4 |  4.5
Axes           | 3 |  3.6

Action                     |  1- 3 |  4- 6 || total
---------------------------+-------+-------++-------
  Melee: War axe           |   102 |    29 ||   131
         Headbutt          |    11 |     6 ||    17
 Armour: Scale mail        |    50 |    11 ||    61
  Dodge: Dodged            |    47 |    14 ||    61
  Block: Buckler           |    18 |    10 ||    28
